 Dungeon Crawl Stone Soup version 0.20-a0-629-gc37eb77 (webtiles) character file.

239170 graki42 the Peltast (level 19, -17/174 HPs)
             Began as a Minotaur Fighter on Feb 10, 2017.
             Was a Believer of the Shining One.
             Demolished by a deep troll (19 damage)
             ... created by the rage of Trog
             ... on level 3 of the Shoals.
             The game lasted 02:08:25 (26480 turns).

graki42 the Peltast (Minotaur Fighter)             Turns: 26480, Time: 02:08:30

Health: -17/174    AC: 25    Str: 28    XL:     19   Next: 1%
Magic:  19/19      EV: 17    Int: 10    God:    the Shining One [**....]
Gold:   1849       SH: 31    Dex: 14    Spells: 18/18 levels left

rFire    + . .     SeeInvis .   F - +11 eveningstar "Redeck" {flame, +Rage rElec rPois}
rCold    . . .     Gourm    .   V - +3 chain mail {rF+}
rNeg     + + .     Faith    .   B - +1 shield of Jekkagof {rPois rN+ Str+4 Int+2}
rPois    +         Spirit   .   A - +2 hat
rElec    +         Reflect  +   P - scarf {repulsion}
rCorr    .         Harm     .   v - +0 pair of gloves
MR       +....     Clarity  +   c - +2 pair of boots
Stlth    ..........             J - +5 amulet of reflection
Regen    0.4/turn               I - ring of flight
                                R - +4 ring of evasion

@: divine shield, glowing, repel missiles
A: retaliatory headbutt, fangs 1, horns 2, icy blue scales 1, agile 1, blurry
vision 1, clarity, low mp 1
}: 1/15 runes: serpentine
a: Divine Shield, Renounce Religion, Evoke Berserk Rage, Evoke Flight


You were on level 3 of the Shoals.
You worshipped the Shining One.
The Shining One was pleased with you.
You were not hungry.

You visited 6 branches of the dungeon, and saw 27 of its levels.
You also visited: Labyrinth and Ice Cave.

You collected 2607 gold pieces.
You spent 758 gold pieces at shops.

Inventory:

Hand Weapons
 F - the +11 eveningstar "Redeck" (weapon) {flame, +Rage rElec rPois}
   (Trog gifted it to you on level 3 of the Lair of Beasts)

   It has been specially enchanted to burn those struck by it, causing extra
   injury to most foes and up to half again as much damage against particularly
   susceptible opponents.
   It insulates you from electricity.
   It protects you from poison.
   It lets you go berserk.
 T - a +4 demon whip of venom
Missiles
 N - a throwing net (quivered)
Armour
 c - a +2 pair of boots (worn)
 v - a +0 pair of gloves (worn)
 A - a +2 hat (worn)
 B - the +1 shield of Jekkagof (worn) {rPois rN+ Str+4 Int+2}
   (You acquired it on level 11 of the Dungeon)

   It affects your strength (+4).
   It affects your intelligence (+2).
   It protects you from poison.
   It protects you from negative energy.
 P - a scarf of repulsion (worn)
 V - a +3 chain mail of fire resistance (worn)
Jewellery
 n - the ring "Honeph" {MR+ Str-3}
   (You found it on level 2 of the Shoals)

   [ring of strength]

   It affects your strength (-3).
   It affects your resistance to hostile enchantments.
 o - an uncursed ring of see invisible
 I - a ring of flight (right hand)
 J - a +5 amulet of reflection (around neck)
 R - a +4 ring of evasion (left hand)
 X - an uncursed ring of protection from magic
Wands
 k - a wand of scattershot (2/9)
 y - a wand of scattershot (8/9)
 K - a wand of digging (11/24)
Scrolls
 a - 6 scrolls of fear
 h - a scroll of enchant armour
 i - 5 scrolls of remove curse
 l - 5 scrolls of teleportation
 m - 2 scrolls of blinking
 x - 7 scrolls of fog
Potions
 d - 6 potions of might
 e - 15 potions of curing
 g - 8 potions of heal wounds
 j - a potion of berserk rage
 p - 3 potions of haste
 w - 3 potions of mutation
 z - 2 potions of flight
 C - 2 potions of cancellation
 U - 2 potions of resistance
Miscellaneous
 L - a lightning rod (4/4)
Comestibles
 b - 3 meat rations
 f - 9 bread rations
 q - 3 chunks of flesh


   Skills:
 + Level 16.9 Fighting
 + Level 18.8 Maces & Flails
 + Level 13.9 Armour
 + Level 7.3 Dodging
 + Level 3.2 Stealth
 + Level 20.5 Shields
 + Level 5.2 Invocations
 + Level 5.0 Evocations


You had 18 spell levels left.
You didn't know any spells.

Dungeon Overview and Level Annotations

Branches:
Dungeon (11/15)            Temple (1/1) D:4            Lair (6/6) D:10
 Shoals (3/4) Lair:4        Snake (4/4) Lair:4        Slime (0/5) Lair:6
    Orc (2/2) D:9             Elf (0/3) Orc:2

Altars:
Ashenzari
Cheibriados
Dithmenos
Elyvilon
Fedhas
Gozag
Hepliaklqana
Kikubaaqudgha
Makhleb
Nemelex Xobeh
Okawaru
Qazlal
Ru
Sif Muna
Trog
Uskayaw
Vehumet
Xom
Yredelemnul
Zin
The Shining One

Shops:
D:9 (   D:11 [   Orc:2 !:?(?   Snake:2 (

Portals:
Pandemonium: Orc:2

Annotations:
D:4 Natasha


Innate Abilities, Weirdness & Mutations

You reflexively headbutt those who attack you in melee.
You have a pair of horns on your head.
You have very sharp teeth.
You are partially covered in icy blue scales. (AC +2)
You are agile. (Dex +2)
Scrolls take you a little longer to read.
You possess an exceptional clarity of mind.
Your magical capacity is low. (-10% MP)


Message History

The polar bear is heavily wounded.
You block the polar bear's attack. x3
You puncture the polar bear! You burn the polar bear.
The polar bear is almost dead.
The polar bear closely misses you. You furiously retaliate!
You headbutt the polar bear!
You kill the polar bear!
That felt strangely unrewarding.
You stick the ogre like a pincushion!!! You burn the ogre!!
You kill the ogre!
That felt strangely unrewarding.
You block the deep troll's attack. x2
The deep troll claws you!!
* * * LOW HITPOINT WARNING * * *
You impale the deep troll!! You burn the deep troll.
You headbutt the deep troll! Your bite misses the deep troll.
The deep troll is heavily wounded.
You block the deep troll's attack. The deep troll claws you!!
* * * LOW HITPOINT WARNING * * *
The deep troll claws you!!
You die...

≈≈≈. #.....≈≈()(.# ≈≈≈..
#......≈)))≈## ≈≈≈≈≈
#......(≈≈≈≈.##+ ≈≈≈≈≈.
#......(..≈≈...# ≈≈≈≈..
#.....(...≈≈...≈ ≈≈≈≈..#
#........()≈...≈
≈≈≈≈...##......(.((≈..≈≈
≈≈≈.....T........≈((.≈≈≈
≈≈..###@#..(....≈(≈≈≈≈≈≈
≈ ###..(...≈≈≈≈≈≈≈≈≈
.....≈≈≈≈≈≈≈≈≈≈≈
<..≈≈≈≈≈≈≈≈≈≈≈≈≈≈
..≈≈≈≈≈≈≈≈≈≈≈≈≈≈≈≈
≈≈≈≈≈≈≈≈≈≈≈≈≈≈≈≈≈
≈≈≈≈≈≈≈≈≈≈≈≈≈≈≈≈≈


You could see a deep troll (berserk).

Vanquished Creatures
  Vashnia (Snake:4)
  Gastronok (Lair:2)
  9 nagarajas
  A frost giant (IceCv)
  An orc warlord (D:9)
  Aizul (Snake:4)
  2 stone giants (Shoals:3)
  The ghost of YrmMerkstave the Tortoise, a journeyman MiFi of Qazlal (Orc:1)
  6 dire elephants (Lair:6)
  A minotaur (Lab)
  Snorg (Lair:6)
  A merfolk impaler (Shoals:2)
  12 naga warriors
  2 hydras
  A merfolk avatar (Shoals:1)
  An ice dragon (Orc:2)
  8 anacondas
  A catoblepas (Lair:5)
  Erica (D:8)
  9 two-headed ogres
  10 death yaks
  A satyr (Shoals:3)
  18 naga sharpshooters
  4 orc high priests (Orc:2)
  A soul eater (Orc:2)
  8 shock serpents
  A salamander mystic (Snake:4)
  An iron troll (Snake:2)
  A gelid demonspawn (Orc:2)
  A death drake (Orc:2)
  A torturous demonspawn (Orc:2)
  3 deep trolls
  8 sea snakes
  11 naga ritualists
  7 orc knights
  5 harpies (Shoals:1)
  2 cyclopes
  4 mana vipers
  An ugly thing (D:11)
  3 oklob plants (Lair:2)
  7 orc sorcerers (Orc:2)
  5 fauns
  9 salamanders
  Maurice (D:8)
  3 manticores (Shoals:1)
  A guardian serpent (Snake:2)
  A merfolk siren (Shoals:1)
  28 black mambas
  Joseph (D:8)
  A water nymph (Shoals:1)
  13 elephants
  An ice statue (IceCv)
  10 spiny frogs
  28 naga magi
  A rime drake (Orc:2)
  A hellwing (Orc:2)
  5 komodo dragons
  7 trolls
  8 merfolk
  17 polar bears
  Prince Ribbit (D:8)
  2 wind drakes (Shoals:1)
  10 blink frogs
  Grinder (D:4)
  A slime creature (D:11)
  10 hippogriffs
  5 snapping turtles
  3 wyverns
  48 yaks
  A hungry ghost (D:8)
  3 basilisks
  A neqoxec (Orc:2)
  43 nagas
  4 wargs
  20 water moccasins
  5 porcupines
  3 sky beasts
  35 orc warriors
  3 ice beasts
  2 phantoms
  16 black bears
  14 ogres
  An eye of draining (D:11)
  29 wolves
  3 centaurs
  10 crocodiles
  18 bullfrogs
  A gnoll sergeant (D:8)
  6 scorpions
  A killer bee (D:7)
  A howler monkey (D:9)
  A spriggan skeleton (Lab)
  2 troll skeletons (Lab)
  A bullfrog zombie (D:5)
  2 crimson imps
  3 centaur zombies
  A centaur skeleton (Lab)
  3 hounds
  A gnoll shaman (D:6)
  15 jellies
  A bullfrog skeleton (D:5)
  26 orc priests
  Crazy Yiuf (D:6)
  Jessica (D:2)
  Ijyb (D:2)
  Natasha (twice) (D:4)
  17 orc wizards
  7 worker ants
  3 iguanas
  A hound skeleton (D:6)
  8 gnolls
  6 adders
  2 shadow imps
  2 oozes (D:7)
  2 worms (D:2)
  4 leopard geckos
  77 orcs
  7 ball pythons
  8 bats
  6 giant cockroaches
  5 goblins
  4 hobgoblins
  15 jackals
  9 quokkas
  7 frilled lizards
  A jackal skeleton (D:4)
  5 kobolds
  8 rats
  A fungus (D:6)
  5 plants
872 creatures vanquished.

Vanquished Creatures (collateral kills)
  A death yak (D:10)
  An infernal demonspawn (Orc:2)
  An orc sorcerer (Orc:2)
  An orange demon (Orc:2)
  A warg (Orc:2)
  3 orc warriors (Orc:2)
  A jelly (D:10)
  An orc wizard (Orc:2)
  3 orcs (Orc:2)
13 creatures vanquished.

Vanquished Creatures (others)
  2 fauns (Shoals:3)
  2 polar bears (IceCv)
  2 yaks (IceCv)
  A wolf (IceCv)
  2 centaurs
  3 orcs
  2 fungi (Lair:6)
  6 plants
20 creatures vanquished.

Grand Total: 905 creatures vanquished

Notes
Turn   | Place    | Note
-------+----------+-------------------------------------------
     0 | D:1      | graki42 the Minotaur Fighter began the quest for the Orb.
     0 | D:1      | Reached XP level 1. HP: 19/19 MP: 0/0
   217 | D:1      | Reached XP level 2. HP: 27/27 MP: 1/1
   857 | D:2      | Reached XP level 3. HP: 34/34 MP: 2/2
  1218 | D:2      | Found a bloodstained altar of Trog.
  1481 | D:2      | Noticed Jessica
  1493 | D:2      | Killed Jessica
  1493 | D:2      | Reached skill level 4 in Shields
  1494 | D:2      | Reached XP level 4. HP: 37/41 MP: 3/3
  1514 | D:2      | Noticed Ijyb
  1528 | D:2      | Killed Ijyb
  1777 | D:3      | Found a snail-covered altar of Cheibriados.
  1981 | D:2      | Became a worshipper of Trog the Wrathful
  2018 | D:3      | Reached XP level 5. HP: 40/47 MP: 4/4
  2079 | D:3      | Found a deep blue altar of Sif Muna.
  2079 | D:3      | Found a radiant altar of Vehumet.
  2079 | D:3      | Found a shattered altar of Ashenzari.
  2301 | D:3      | Found a glowing golden altar of the Shining One.
  2500 | D:3      | Reached * piety under Trog
  2771 | D:4      | Noticed Natasha
  2775 | D:4      | Killed Natasha
  2796 | D:4      | Noticed Natasha
  2804 | D:4      | Killed Natasha
  2880 | D:4      | Noticed Natasha
  2899 | D:4      | Reached skill level 5 in Armour
  2955 | D:4      | Reached skill level 5 in Fighting
  2955 | D:4      | Reached XP level 6. HP: 56/56 MP: 5/5
  3050 | D:4      | Found a staircase to the Ecumenical Temple.
  3068 | D:4      | Noticed Grinder
  3076 | D:4      | Paralysed by Grinder for 6 turns
  3088 | D:4      | Killed Grinder
  3088 | D:4      | Reached skill level 5 in Maces & Flails
  3088 | D:4      | Reached skill level 1 in Dodging
  3088 | D:4      | Reached skill level 5 in Shields
  3330 | D:5      | Entered Level 5 of the Dungeon
  3369 | D:5      | Reached skill level 1 in Stealth
  3369 | D:5      | Reached XP level 7. HP: 61/61 MP: 6/6
  3478 | D:5      | Reached skill level 6 in Shields
  3893 | D:5      | Reached XP level 8. HP: 69/69 MP: 7/7
  4725 | D:6      | Reached ** piety under Trog
  4731 | D:6      | Reached skill level 7 in Shields
  4761 | D:6      | Found an iron altar of Okawaru.
  5001 | D:6      | Found a runed door.
  5005 | D:6      | Noticed Crazy Yiuf
  5009 | D:6      | Killed Crazy Yiuf
  5300 | D:7      | Noticed a troll
  5303 | D:7      | Reached XP level 9. HP: 75/75 MP: 8/8
  5326 | D:7      | Killed a troll
  5606 | D:7      | Reached skill level 8 in Shields
  5816 | D:8      | Noticed Prince Ribbit
  5834 | D:8      | Killed Prince Ribbit
  5921 | D:8      | Noticed Joseph
  5938 | D:8      | Killed Joseph
  5938 | D:8      | Reached skill level 10 in Maces & Flails
  6034 | D:8      | Reached *** piety under Trog
  6258 | D:8      | Noticed Maurice
  6273 | D:8      | Killed Maurice
  6273 | D:8      | Reached skill level 9 in Shields
  6377 | D:8      | Reached XP level 10. HP: 75/88 MP: 9/9
  6518 | D:8      | Noticed Erica
  6526 | D:8      | Killed Erica
  6979 | D:9      | Gained mutation: Your body sometimes deteriorates upon taking damage. [mutagenic meat]
  6980 | D:9      | Gained mutation: Your body often deteriorates upon taking damage. [mutagenic meat]
  6981 | D:9      | Gained mutation: You are partially covered in molten scales. (AC +2) [mutagenic meat]
  6982 | D:9      | Gained mutation: Your magical capacity is low. (-10% MP) [mutagenic meat]
  6983 | D:9      | Gained mutation: You occasionally shout uncontrollably at your foes. [mutagenic meat]
  7082 | D:9      | Found a shadowy altar of Dithmenos.
  7104 | D:9      | Found a staircase to the Orcish Mines.
  7112 | Orc:1    | Entered Level 1 of the Orcish Mines
  7115 | Orc:1    | Noticed an orc knight
  7432 | D:9      | Lost mutation: Your body often deteriorates upon taking damage. [potion of mutation]
  7432 | D:9      | Lost mutation: Your magical capacity is low. (-10% MP) [potion of mutation]
  7432 | D:9      | Gained mutation: You are resistant to hostile enchantments. (MR+) [potion of mutation]
  7432 | D:9      | Gained mutation: You have large cloven feet. [potion of mutation]
  7526 | D:9      | Found Zoafeuz's Weapon Boutique.
  7610 | D:9      | Reached skill level 10 in Shields
  7672 | Orc:1    | Reached **** piety under Trog
  7683 | Orc:1    | Killed an orc knight
  7794 | Orc:1    | Noticed YrmMerkstave's ghost (journeyman MiFi)
  7835 | Orc:1    | Killed YrmMerkstave's ghost
  7884 | Orc:1    | Noticed an orc warlord
  7915 | D:9      | Reached XP level 11. HP: 84/97 MP: 10/10
  7928 | D:10     | Entered Level 10 of the Dungeon
  8134 | D:10     | Noticed a death yak
  8135 | D:10     | Noticed a death yak
  8137 | D:10     | Noticed a death yak
  8137 | D:10     | Noticed a death yak
  8138 | D:10     | Noticed a death yak
  8142 | D:10     | Killed a death yak
  8142 | D:10     | Reached skill level 11 in Shields
  8151 | D:10     | Killed a death yak
  8160 | D:10     | Killed a death yak
  8166 | D:10     | Found a staircase to the Lair.
  8234 | D:10     | Killed a death yak
  8243 | D:10     | Killed a death yak
  9069 | D:11     | Noticed a two-headed ogre
  9081 | D:11     | Killed a two-headed ogre
  9081 | D:11     | Reached skill level 10 in Fighting
  9081 | D:11     | Reached skill level 10 in Armour
  9081 | D:11     | Reached skill level 12 in Shields
  9089 | D:11     | Identified a scroll of acquirement
  9090 | D:11     | Got a spiked shield
  9101 | D:11     | Identified the +1 shield of Jekkagof {rPois rN+ Str+4 Int+2} (You acquired it on level 11 of the Dungeon)
  9163 | D:11     | Found a labyrinth entrance.
  9180 | Lab      | Entered a labyrinth
  9366 | Lab      | Noticed a minotaur
  9372 | Lab      | Killed a minotaur
  9374 | Lab      | Got a smoking pewter ring
  9387 | Lab      | Identified the Guide on Displacement
  9393 | Lab      | Identified the Reference Book on the Rocks
  9403 | Lab      | Identified the ring "Kiegurif" {Ice Str+5 Dex+2} (You took it off a minotaur in a labyrinth)
  9564 | D:11     | Reached ***** piety under Trog
  9564 | D:11     | Reached XP level 12. HP: 107/107 MP: 11/11
  9596 | D:11     | Found Unleqaox's Antique Armour Shop.
  9697 | D:11     | Noticed a two-headed ogre
  9708 | D:11     | Killed a two-headed ogre
  9758 | D:11     | Gained mutation: Scrolls take you a little longer to read. [mutagenic meat]
  9759 | D:11     | Gained mutation: You regenerate slowly when monsters are visible. [mutagenic meat]
  9838 | D:11     | Received a gift from Trog
 10283 | D:9      | Killed an orc warlord
 10362 | Orc:1    | Reached skill level 13 in Shields
 10585 | Orc:2    | Entered Level 2 of the Orcish Mines
 10766 | Orc:2    | Found Amihuuc's Magic Scroll Emporium.
 10874 | Orc:2    | Found Usaathra's Distillery.
 10889 | Orc:2    | Found a staircase to the Elven Halls.
 10900 | Orc:2    | Found a frozen archway.
 10901 | Orc:2    | Noticed an ice dragon
 10952 | Orc:2    | Killed an ice dragon
 10964 | IceCv    | Entered an ice cave
 11400 | IceCv    | Reached skill level 14 in Shields
 11490 | IceCv    | Got a warped falchion
 11632 | IceCv    | Noticed a death yak
 11650 | IceCv    | Killed a death yak
 11650 | IceCv    | Reached XP level 13. HP: 116/117 MP: 12/12
 11701 | IceCv    | Got an ichor-stained spear
 11740 | IceCv    | Noticed a frost giant
 11765 | IceCv    | Killed a frost giant
 11765 | IceCv    | Reached skill level 5 in Dodging
 11868 | IceCv    | Identified the +2 falchion of Foul Odors {flame, Dex+2} (You found it in an ice cave)
 11869 | IceCv    | Identified the +6 spear of Usupto {freeze, MR- Int+4} (You found it in an ice cave)
 11881 | IceCv    | Lost mutation: You occasionally shout uncontrollably at your foes. [potion of mutation]
 11881 | IceCv    | Lost mutation: Your body sometimes deteriorates upon taking damage. [potion of mutation]
 11881 | IceCv    | Lost mutation: You are resistant to hostile enchantments. (MR+) [potion of mutation]
 11881 | IceCv    | Gained mutation: You have very sharp teeth. [potion of mutation]
 11881 | IceCv    | Gained mutation: You are partially covered in icy blue scales. (AC +2) [potion of mutation]
 11882 | IceCv    | Lost mutation: You regenerate slowly when monsters are visible. [potion of mutation]
 11882 | IceCv    | Lost mutation: Scrolls take you a little longer to read. [potion of mutation]
 11882 | IceCv    | Gained mutation: You have a pair of large horns on your head. [potion of mutation]
 11882 | IceCv    | Gained mutation: You are resistant to electric shocks. (rElec) [potion of mutation]
 11882 | IceCv    | Gained mutation: You are agile. (Dex +2) [potion of mutation]
 11883 | IceCv    | Lost mutation: You have a pair of large horns on your head. [potion of mutation]
 11883 | IceCv    | Lost mutation: You have large cloven feet. [potion of mutation]
 11883 | IceCv    | Lost mutation: You are partially covered in molten scales. (AC +2) [potion of mutation]
 11883 | IceCv    | Lost mutation: You are resistant to electric shocks. (rElec) [potion of mutation]
 11883 | IceCv    | Gained mutation: Your magical capacity is low. (-10% MP) [potion of mutation]
 11883 | IceCv    | Gained mutation: Scrolls take you a little longer to read. [potion of mutation]
 11883 | IceCv    | Gained mutation: You possess an exceptional clarity of mind. [potion of mutation]
 12066 | Orc:1    | Reached skill level 15 in Shields
 12683 | Orc:2    | Reached skill level 15 in Maces & Flails
 12691 | Orc:2    | Paralysed by an orc sorcerer for 6 turns
 12857 | Orc:2    | Found Sazuaprif's Book Boutique.
 12857 | Orc:2    | Found Hoaxky's Antique Weapon Shop.
 12857 | Orc:2    | Found a one-way gate leading to the halls of Pandemonium.
 12888 | Orc:2    | Bought a runed morningstar for 182 gold pieces
 13044 | Orc:2    | Reached skill level 16 in Shields
 13116 | Orc:2    | Found Evoschar's Magic Scroll Emporium.
 13410 | Orc:2    | Bought 2 potions of heal wounds for 150 gold pieces
 13410 | Orc:2    | Bought a potion of heal wounds for 75 gold pieces
 13412 | Orc:2    | Bought a scroll of enchant weapon for 82 gold pieces
 13490 | Orc:2    | Bought a scroll of enchant weapon for 112 gold pieces
 13490 | Orc:2    | Bought a scroll of teleportation for 45 gold pieces
 13490 | Orc:2    | Bought a scroll of blinking for 112 gold pieces
 13587 | Lair:1   | Entered Level 1 of the Lair of Beasts
 13669 | Lair:1   | Found a shimmering altar of Xom.
 13799 | Lair:1   | Reached XP level 14. HP: 128/129 MP: 11/11
 14386 | Lair:2   | Noticed Gastronok
 14393 | Lair:2   | Killed Gastronok
 15406 | Lair:3   | Reached ****** piety under Trog
 15406 | Lair:3   | Received a gift from Trog
 15409 | Lair:3   | Got an ichor-stained eveningstar {god gift}
 15414 | Lair:3   | Identified the +11 eveningstar "Redeck" {flame, +Rage rElec rPois} (Trog gifted it to you on level 3 of the Lair of Beasts)
 15775 | Lair:4   | Found a staircase to the Snake Pit.
 15808 | Lair:4   | Found a staircase to the Shoals.
 15991 | Lair:4   | Reached skill level 17 in Shields
 16216 | Lair:4   | You fall through a shaft for 2 floors!
 16216 | Lair:6   | Entered Level 6 of the Lair of Beasts
 16256 | Lair:6   | Found a staircase to the Slime Pits.
 16586 | Lair:6   | Noticed Snorg
 16592 | Lair:6   | Killed Snorg
 16865 | Lair:6   | Identified Sif Muna's Collected Works on Flight and the Snowflakes
 16871 | Lair:6   | Got a smoking bone amulet
 16932 | Lair:6   | Reached XP level 15. HP: 136/139 MP: 12/12
 17065 | Lair:5   | Received a gift from Trog
 17126 | Lair:5   | Identified the amulet of Omylirra {+Rage MP+9} (You found it on level 6 of the Lair of Beasts)
 18188 | Snake:1  | Entered Level 1 of the Snake Pit
 18231 | Snake:1  | Found an iron altar of Okawaru.
 18982 | Temple   | Entered the Ecumenical Temple
 19078 | D:3      | Fell from the grace of Trog
 19078 | D:3      | Became a worshipper of the Shining One
 19615 | Snake:2  | Noticed a nagaraja
 19623 | Snake:2  | Killed a nagaraja
 19930 | Snake:2  | Noticed a nagaraja
 19937 | Snake:2  | Killed a nagaraja
 19937 | Snake:2  | Reached skill level 18 in Shields
 19996 | Snake:2  | Found Umyisur's Weapon Shoppe.
 20175 | Snake:2  | Noticed a nagaraja
 20181 | Snake:2  | Killed a nagaraja
 20184 | Snake:2  | Reached skill level 15 in Fighting
 21231 | Snake:3  | Paralysed by Trog for 2 turns
 21872 | Snake:3  | Reached XP level 16. HP: 149/149 MP: 12/15
 21873 | Snake:3  | Reached skill level 5 in Invocations
 21873 | Snake:3  | Reached XP level 17. HP: 156/156 MP: 12/17
 22324 | Snake:4  | Entered Level 4 of the Snake Pit
 22609 | Snake:4  | Reached XP level 18. HP: 140/163 MP: 18/18
 22788 | Snake:4  | Reached * piety under the Shining One
 23288 | Snake:4  | Reached skill level 19 in Shields
 24047 | Snake:4  | Noticed Vashnia
 24057 | Snake:4  | Killed Vashnia
 24080 | Snake:4  | Noticed Aizul
 24088 | Snake:4  | Killed Aizul
 24496 | Snake:4  | Reached skill level 20 in Shields
 24719 | Snake:4  | Got a serpentine rune of Zot
 25115 | Shoals:1 | Entered Level 1 of the Shoals
 25120 | Shoals:1 | Reached ** piety under the Shining One
 26137 | Shoals:2 | Reached skill level 5 in Evocations
 26144 | Shoals:2 | Got a sparkling granite ring
 26146 | Shoals:2 | Identified the cursed ring "Honeph" {MR+ Str-3} (You found it on level 2 of the Shoals)
 26203 | Shoals:3 | Reached XP level 19. HP: 135/174 MP: 19/19
 26480 | Shoals:3 | HP: 2/174 [deep troll[the rage of Trog] (24)]
 26480 | Shoals:3 | Demolished by a deep troll

Vault maps used:
D:1:      lightli_arrival_boilingwater, minivault_23, minivault_4,
          minmay_misc_feat_roman
D:2:      wad_lake_hut, nicolae_overflow_hidden_temple, uniq_jessica, uniq_iyjb
D:3:      wad_pebble_path, gammafunk_temple_overflow_forgotten,
          grunt_temple_overflow_open
D:4:      minmay_temple_entry_junction, first_bread, uniq_natasha, uniq_grinder
D:6:      lemuel_doored_altar, serial_glass, glass_columns_b, glass_columns_a,
          minmay_misc_feat_room, minmay_misc_feat_pillars,
          uniq_crazy_yiuf_cottage
D:7:      hangedman_cross_stitches
D:8:      uniq_erica, uniq_maurice, uniq_joseph, uniq_prince_ribbit1
D:9:      grunt_dithmenos_shadows, orc_0_dummy, serial_shops,
          kennysheep_little_box
D:10:     dpeg_lair_monsters
D:11:     serial_shops, shop, lab_entry_generic
Temple:   cyrus_circular_temple
Lair:1:   basic_altar, hangedman_lair_generics_rect
Lair:2:   beast_lair_carwin_11, serial_bayou_shore_b, minmay_lair_oklob_chamber,
          serial_bayou_shore_b, uniq_gastronok
Lair:4:   shoals_dummy_entry, guppyfry_snake_entry_garden
Lair:5:   kennysheep_catoblepas_arena
Lair:6:   due_jungle_book, minmay_slime_entry_jelly_boxes, minivault_23,
          hangedman_lair_unloving_vines, uniq_snorg
Shoals:3: cheibrodos_shoals_oceanic_diplomacy, serial_shops, bzr_entry_safe,
          uniq_polyphemus
Snake:1:  basic_altar, nicolae_snake_springs, grunt_megastairs_1
Snake:2:  serial_shops, nicolae_shop_statue_plus, hangedman_snake_pattern,
          nrook_loot_triangle
Snake:3:  grunt_megastairs_3
Snake:4:  snake_pit, uniq_vashnia, uniq_aizul
Orc:2:    pf_orc_diabolical, portal_ice_cave_entry_animals_and_master,
          guppyfry_orc_lava_fort
Lab:      nicolae_lab_dead_adventurers, nicolae_lab_starburst, nicolae_lab_x,
          labyrinth_lava_lair
IceCv:    ice_cave_caverns_02

Skill      XL: |  1  2  3  4  5  6  7  8  9 10 11 12 13 14 15 16 17 18 |
---------------+-------------------------------------------------------+-----
Fighting       | 4 5 6 7 9 10 11 13 14 15 16 | 16.9
Armour         | 4 5 6 7 8 9 10 11 12 13 | 13.9
Maces & Flails | 3 4 5 6 8 10 12 13 14 15 16 17 18 | 18.8
Shields        | 4 5 6 7 9 10 12 14 16 17 18 20 | 20.5
Dodging        | 1 2 3 4 5 6 7 |  7.3
Stealth        | 1 2 3 |  3.2
Invocations    | 3 5 |  5.2
Evocations     | 3 4 5 |  5.0

Action                   |  1- 3 |  4- 6 |  7- 9 | 10-12 | 13-15 | 16-18 | 19-21 || total
-------------------------+-------+-------+-------+-------+-------+-------+-------++-------
Melee: Flail             |    86 |    74 |   286 |   812 |   306 |       |       ||  1564
       Headbutt          |    11 |    28 |    55 |   235 |   326 |   111 |    12 ||   778
       Whip              |       |    55 |       |       |       |       |       ||    55
       Kick              |       |       |       |   283 |    36 |       |       ||   319
       Demon whip        |       |       |       |       |   268 |       |       ||   268
       Bite              |       |       |       |       |   153 |    75 |     6 ||   234
       Eveningstar       |       |       |       |       |   508 |   493 |    45 ||  1046
Invok: Berserk           |       |     2 |     7 |    10 |    13 |       |       ||    32
       Brothers in Arms  |       |       |       |     2 |     4 |       |       ||     6
       Trog's Hand       |       |       |       |     1 |     2 |       |       ||     3
       Divine Shield     |       |       |       |       |       |     1 |     2 ||     3
 Abil: Evoke Flight      |       |       |       |       |       |     5 |     1 ||     6
Evoke: Wand              |       |       |       |       |       |     2 |       ||     2
  Use: Scroll            |       |     8 |       |    16 |    11 |     9 |       ||    44
       Potion            |       |       |       |     1 |     5 |     1 |     2 ||     9
 Stab: Petrified         |       |       |       |       |     2 |       |       ||     2
  Eat: Chunk             |       |     7 |    11 |    36 |    31 |     6 |     1 ||    92
       Royal jelly       |       |     1 |     1 |     1 |       |     1 |       ||     4
       Meat ration       |       |       |     1 |       |     2 |     1 |       ||     4
       Fruit             |       |       |       |     1 |     3 |     2 |       ||     6
       Bread ration      |       |       |       |       |     1 |       |       ||     1
Armor: Scale mail        |    41 |    58 |    78 |       |       |       |       ||   177
       Plate armour      |       |       |    35 |    41 |       |       |       ||    76
       Chain mail        |       |       |       |    97 |   157 |    82 |    40 ||   376
       Ice dragon scales |       |       |       |    27 |     5 |       |       ||    32
Dodge: Dodged            |    23 |    38 |    62 |   166 |   278 |   175 |    69 ||   811
       Deflected         |       |       |       |     4 |    11 |    43 |       ||    58
Block: Shield            |    43 |    67 |   165 |   589 |   784 |   524 |   120 ||  2292
       Reflection        |       |       |     8 |    18 |    33 |   129 |     2 ||   190
